AoeStats
← GAX | Urubu

Nomad

509231110Analyzed
3v3 RM · 7d ago on Sep 26, 2026· 36m 20s· 6 players
Game mode
Random Map
Map size
210×210
Population
200
Speed
Normal
Resources
Standard
Victory
Conquest
Starting age
Dark Age
Ending age
Imperial Age
RankedLock teamsTeams togetherTeam positionsShared explorationLock speedFull tech treeHidden civsTurbo modeCheats
Victory
Defeat
🇧🇷 Malay · Brazil
1842
+8
🇧🇷 Huns · Brazil
1564
+18
🇧🇷 Bohemians · Brazil
1405
+23
🇵🇪 Burgundians · Peru
1635
-17
🇦🇺 Maya · Australia
1631
-17
🇦🇷 Dravidians · Argentina
1576
-15
[TOX2] satho
14:07 Feudal Age
15:23 Loom
17:58 Castle Age
17:14 Double-Bit Axe
17:21 Gold Mining
18:54 Medium Warships
18:37 Fletching
22:18 Bow Saw
21:49 Horse Collar
23:05 Horse Collar
24:02 Wheelbarrow
26:32 Imperial Age
31:54 Crossbowman
32:52 Bodkin Arrow
eimer6174
12:47 Feudal Age
12:19 Loom
13:12 Town Watch
13:13 Loom
14:19 Double-Bit Axe
20:22 Castle Age
22:57 Fletching
24:40 Bodkin Arrow
26:36 Padded Archer Armor
33:14 Ballistics
CopoDeNieve
5:06 Loom
12:23 Feudal Age
12:40 Double-Bit Axe
14:10 Bow Saw
14:24 Fishing Lines
15:37 Town Watch
21:47 Castle Age
20:27 Horse Collar
20:42 Gold Mining
20:45 Gillnets
22:44 Medium Warships
23:37 Two-Man Saw
24:06 Wheelbarrow
34:04 Hand Cart
38:10 Imperial Age
KROY
5:08 Loom
13:44 Feudal Age
18:22 Castle Age
16:13 Double-Bit Axe
17:01 Fishing Lines
19:28 Bow Saw
20:27 Wheelbarrow
24:52 Sanctity
24:24 Horse Collar
24:36 Gold Mining
25:50 Gillnets
27:02 Redemption
34:25 Imperial Age
32:28 Stone Mining
34:31 Block Printing
37:15 Conscription
GAX | Urubu
9:44 Loom
12:39 Feudal Age
15:42 Double-Bit Axe
19:03 Castle Age
16:59 Horse Collar
18:53 Bloodlines
19:57 Medium Warships
21:51 Wheelbarrow
21:09 Gold Mining
21:55 Fletching
22:06 Padded Archer Armor
26:31 Bodkin Arrow
29:59 Leather Archer Armor
29:59 Hand Cart
30:16 Heavy Plow
30:12 Stone Mining
32:59 Thumb Ring
33:46 Ballistics
37:04 Imperial Age
GAX | toooasty
6:59 Loom
13:29 Feudal Age
18:27 Castle Age
18:10 Town Watch
18:18 Horse Collar
19:45 Double-Bit Axe
22:03 Fervor
22:30 Bow Saw
25:47 Fletching
31:09 Redemption
31:20 Sanctity
31:46 Wheelbarrow
35:39 Imperial Age
33:57 Heavy Plow
34:12 Fletching
34:44 Devotion
35:07 Hand Cart
36:16 Medium Warships
37:11 Chemistry
36:45 Padded Archer Armor
36:41 Bodkin Arrow
37:09 Ballistics
Connection lost

Rejoining the realm…

Still unreachable

The connection could not be restored.

Session expired

The server has moved on; the page needs a fresh start.